 Dungeon Crawl Stone Soup version 0.17-a0-1638-g2ccaed7 (webtiles) character file.

1539 Strutyk the Basher (level 8, -3/46 HPs)
             Began as a Gargoyle Fighter on Aug 8, 2015.
             Slain by a troll (13 damage)
             ... on level 9 of the Dungeon.
             The game lasted 00:22:17 (4510 turns).

Strutyk the Basher (Gargoyle Fighter)               Turns: 4510, Time: 00:22:17

Health: -3/46      AC: 15    Str: 21    XL:     8   Next: 86%
Magic:  8/8        EV:  5    Int:  9    God:
Gold:   5          SH:  9    Dex: 10    Spells: 0 memorised, 7 levels left

rFire  + . .     SeeInvis .     a - +0 flail
rCold  x . .     Clarity  .     y - +0 chain mail
rNeg   + . .     SustAt   .     c - +0 shield
rPois  ∞         Gourm    .     (no helmet)
rElec  +         Spirit   .     (no cloak)
rCorr  .         Warding  .     (no gloves)
rMut   .         Stasis   +     d - +0 pair of boots
MR     .....                    k - amulet of stasis
Stlth  ..........               n - ring of stealth
                                h - ring of fire

@: starving, not resistant to hostile enchantments, extremely unstealthy
A: negative energy resistance 1, electricity resistance, unbreathing,
petrification resistance, rot immunity, AC +5
a: no special abilities


You were on level 9 of the Dungeon.
You were starving.

You visited 1 branch of the dungeon, and saw 6 of its levels.

You collected 137 gold pieces.
You spent 132 gold pieces at shops.

Inventory:

Hand weapons
 a - a +0 flail (weapon)
 t - a +0 blowgun
 A - a +1 whip of freezing
 B - a +0 giant club
 D - a +0 shortbow
 O - a +7 quarterstaff of speed
Missiles
 s - a poisoned needle
 E - 20 arrows
Armour
 b - a +0 scale mail
 c - a +0 shield (worn)
 d - a +0 pair of boots (worn)
 o - a cursed +0 leather armour
 q - a +0 scale mail
 v - a +0 cloak
 y - a +0 chain mail (worn)
 G - the cursed +0 robe "Xuahowom" {rC+, unknown}
   (You found it on level 7 of the Dungeon)

   It protects you from cold.
   It has a curse placed upon it.
 J - a +0 cloak
Jewellery
 h - a ring of fire (left hand)
 k - an amulet of stasis (around neck)
 n - a ring of stealth (right hand)
 x - an uncursed ring of invisibility {unknown}
Magical devices
 w - a wand of slowing (24)
 z - a wand of flame (28)
 K - a wand of fire (7)
Scrolls
 f - 2 scrolls of identify {unknown}
 j - a scroll of recharging {unknown}
 p - 2 scrolls of teleportation {unknown}
 F - a scroll of fear {unknown}
 I - a scroll of random uselessness {unknown}
 M - a scroll of remove curse {unknown}
 N - a scroll of blinking {unknown}
Potions
 g - 3 potions of curing {unknown}
 i - 2 potions of heal wounds {unknown}
 m - 2 potions of flight {unknown}
 r - 2 potions of brilliance {unknown}
 u - a potion of agility {unknown}
 H - a potion of cure mutation {unknown}
Books
 L - a book of Death

   Spells                             Type                      Level
   a - Corpse Rot                     Necromancy                   2
   b - Sublimation of Blood           Necromancy                   2
   c - Agony                          Necromancy                   5
   d - Dispel Undead                  Necromancy                   5
   e - Excruciating Wounds            Charms/Necromancy            5
   f - Bolt of Draining               Conjuration/Necromancy       5
Comestibles
 e - 2 bread rations
 l - 2 beef jerkies
 C - 2 fruits


   Skills:
 - Level 3.2 Fighting
 - Level 10.3 Maces & Flails
 * Level 4.1 Armour
 - Level 1.4 Stealth
 * Level 3.9 Shields


You had 7 spell levels left.
You didn't know any spells.

Dungeon Overview and Level Annotations

Branches:
Dungeon (9/15)
 Temple: D:4-7         Lair: D:8-11         Orc: D:9-12

Altars:
Cheibriados
Dithmenos
Gozag
Ru
Trog
Xom

Shops:
D:9 (


Innate Abilities, Weirdness & Mutations

You are resistant to torment.
Your stone body is resilient (AC +5).
You are immune to poison.
You resist negative energy.
You are resistant to electric shocks.
You can survive without breathing.
You are immune to petrification.
You are immune to rotting.


Message History

You closely miss the troll. The troll bites you but does no damage.
The troll claws you. The troll barely misses you.
Your chain mail prevents you from hitting the troll.
The troll bites you but does no damage. The troll barely misses you.
The troll claws you but does no damage. The shadow imp puffs mist at you.
Your shield and chain mail prevent you from hitting the troll.
The troll bites you but does no damage. The troll claws you.
The troll claws you.
You hit the troll but do no damage. The troll bites you! The troll claws you.
The troll barely misses you.
You sock the troll!
The troll is moderately wounded.
The troll bites you but does no damage. The troll claws you!
The troll claws you.
* * * LOW HITPOINT WARNING * * *
You hit the troll.
The troll is moderately wounded.
The troll bites you!
You die...

.#....# ##.# .#....+
...#..# .#....# ......#
.#....# .....## #
.#....# ......# .#
.#....# #.# #.# ..#
.#....# #.# #.# ...#
.#########.###.###....##
...........)....@T5.....
.....#####.####.##....#+
####.# #.# #..# .....
#.#####.# ##.# ....
#....<#.# .# ...
#######.# /# .. ..# .# .
#.. .#


You could see a troll and a shadow imp.

Vanquished Creatures
  Pikel (D:6)
  A phantom (D:9)
  3 ogres
  A centaur (D:6)
  A crocodile (D:7)
  A giant frog (D:7)
  A scorpion (D:6)
  3 killer bees (D:7)
  A hound (D:6)
  A crimson imp (D:7)
  A jelly (D:7)
  A giant frog skeleton (D:6)
  3 worker ants
  A hound skeleton (D:6)
  A worker ant zombie (D:7)
  3 adders
  A gnoll (D:1)
  An adder skeleton (D:7)
  A worm (D:2)
  2 giant geckos
  An orc (D:3)
  6 goblins
  8 hobgoblins
  9 jackals
  2 quokkas (D:2)
  5 bats (D:1)
  A giant cockroach (D:1)
  2 giant newts
  A jackal skeleton (D:7)
  8 kobolds
  A quokka skeleton (D:7)
  9 rats
82 creatures vanquished.

Vanquished Creatures (others)
  A sky beast (D:6)
  An adder (D:6)
2 creatures vanquished.

Grand Total: 84 creatures vanquished

Notes
Turn   | Place    | Note
--------------------------------------------------------------
     0 | D:1      | Strutyk the Gargoyle Fighter began the quest for the Orb.
     0 | D:1      | Reached XP level 1. HP: 14/14 MP: 1/1
   170 | D:1      | Reached XP level 2. HP: 13/19 MP: 2/2
   361 | D:1      | Reached XP level 3. HP: 23/23 MP: 3/3
   964 | D:2      | Reached skill level 4 in Maces & Flails
  1254 | D:3      | Reached XP level 4. HP: 25/28 MP: 4/4
  1431 | D:3      | Found a snail-covered altar of Cheibriados.
  1543 | D:3      | Found a bloodstained altar of Trog.
  1578 | D:3      | You fall through a shaft for 3 floors!
  1665 | D:6      | Reached skill level 5 in Maces & Flails
  1665 | D:6      | Reached XP level 5. HP: 25/32 MP: 5/5
  1884 | D:6      | Reached skill level 1 in Stealth
  2081 | D:6      | Noticed a slave
  2081 | D:6      | Noticed a slave
  2081 | D:6      | Noticed a slave
  2082 | D:6      | Noticed Pikel
  2082 | D:6      | Noticed a slave
  2101 | D:6      | Killed Pikel
  2101 | D:6      | Reached skill level 8 in Maces & Flails
  2101 | D:6      | Reached XP level 6. HP: 37/37 MP: 6/6
  2101 | D:6      | Reached XP level 7. HP: 41/41 MP: 7/7
  2152 | D:6      | Noticed an ogre
  2162 | D:6      | Killed an ogre
  2481 | D:6      | Killed a sky beast
  2663 | D:6      | Noticed an ogre
  2672 | D:6      | Killed an ogre
  2936 | D:6      | Found a shimmering altar of Xom.
  2944 | D:6      | Found a shadowy altar of Dithmenos.
  2976 | D:6      | Found a sacrificial altar of Ru.
  2976 | D:6      | Noticed a centaur
  2987 | D:6      | Killed a centaur
  2987 | D:6      | Reached skill level 9 in Maces & Flails
  2987 | D:6      | Reached XP level 8. HP: 42/46 MP: 8/8
  3245 | D:7      | Got a twisted robe
  3297 | D:7      | Found an opulent altar of Gozag.
  3775 | D:7      | Reached skill level 10 in Maces & Flails
  4365 | D:7      | You fall through a shaft for 2 floors!
  4405 | D:9      | Found Dopp's Antique Weapon Shop.
  4420 | D:9      | Bought a runed quarterstaff for 132 gold pieces
  4499 | D:9      | Noticed a troll
  4510 | D:9      | Slain by a troll

Vault maps used:
D:1:      dpeg_arrival_refuge, minmay_tree_intersection, minmay_surrounded
D:2:      lightli_temple_of_fire, first_bread, grunt_decor_arrowhead,
          minmay_rat_gold_closets, uniq_crazy_yiuf_cottage
D:3:      cheibriados_altar_wand_db, gup_sewer_entry_bubbles, trog_book,
          uniq_grinder, uniq_natasha
D:6:      lemuel_doored_altar, minitemple, uniq_pikel
D:7:      old_standard_altar
D:9:      serial_shops, nicolae_shop_crystal, uniq_joseph

Action                   |  1- 3 |  4- 6 |  7- 9 || total
-------------------------+-------+-------+-------++-------
Melee: Flail             |   102 |   107 |   155 ||   364
  Use: Potion            |     1 |       |       ||     1
  Eat: Bread ration      |       |     1 |     1 ||     2
       Fruit             |       |       |     1 ||     1
